 Dungeon Crawl Stone Soup version 0.29-a0-103-g37f86683bf (webtiles) character file.

Game seed: 17983451186387112885

1416 Gildeon the Covert (level 8, -3/54 HPs)
             Began as an Octopode Fighter on Feb 16, 2022.
             Slain by a gnoll (9 damage)
             ... on level 6 of the Dungeon.
             The game lasted 00:14:29 (7275 turns).

Gildeon the Covert (Octopode Fighter)               Turns: 7275, Time: 00:14:30

Health: -3/54      AC:  1    Str: 18    XL:     8   Next: 71%
Magic:  8/8        EV: 14    Int: 10    God:
Gold:   95         SH:  5    Dex: 11    Spells: 7/7 levels left

rFire   . . .      SeeInvis .   a - +0 trident
rCold   . . .      Faith    .   b - +0 buckler
rNeg    . . .      Spirit   .   (helmet restricted)
rPois   .          Reflect  .   (no amulet)
rElec   .          Harm     .   (no ring)
rCorr   .          Rampage  .   (no ring)
Will    .....                   (no ring)
Stlth   ++........              (no ring)
HPRegen 0.18/turn               (no ring)
MPRegen 0.11/turn               (no ring)
                                (no ring)
                                (no ring)

@: lit by a corona, glowing
A: almost no armour, amphibious, 8 rings, camouflage 1, gelatinous body 1,
(nimble swimmer 1), tentacles
a: no special abilities


You were on level 6 of the Dungeon.
You visited 1 branch of the dungeon, and saw 6 of its levels.

You collected 316 gold pieces.
You spent 221 gold pieces at shops.

Inventory:

Hand Weapons
 a - a +0 trident (weapon)
Missiles
 e - 6 poisoned darts (quivered)
 v - a curare-tipped dart
Armour
 b - a +0 buckler (worn)
Jewellery
 r - a ring of ice
Wands
 i - a wand of iceblast (7)
 w - a wand of acid (8)
Scrolls
 d - 2 scrolls of enchant weapon {unknown}
 f - a scroll of enchant armour {unknown}
 j - a scroll of acquirement {unknown}
 k - 2 scrolls of teleportation
 m - a scroll of amnesia {unknown}
 o - a scroll of fog {unknown}
 x - a scroll of fear {unknown}
 y - a scroll of vulnerability {unknown}
Potions
 c - a potion of might
 h - 2 potions of heal wounds
 l - a potion of flight
 p - 2 potions of magic
 q - a potion of cancellation {unknown}
 t - a potion of lignification {unknown}
 u - 3 potions of curing


   Skills:
 + Level 3.9 Fighting
 + Level 6.3 Polearms
 - Level 5.0 Dodging
 + Level 8.1 Stealth
 - Level 5.0 Shields


You had 7 spell levels left.
You didn't know any spells.
Your spell library contained the following spells:

 Spells                   Type           Power      Damage    Failure   Level
 Animate Skeleton         Necr           0%         N/A       43%         1
 Freeze                   Ice            0%         1d3       43%         1
 Pain                     Necr           0%         1d4       43%         1
 Frozen Ramparts          Ice            0%         1d2       82%         3
 Inner Flame              Hex/Fire       0%         N/A       82%         3
 Vampiric Draining        Necr           0%         2d6       82%         3
 Cause Fear               Hex            0%         N/A       99%         4
 Hailstorm                Conj/Ice       0%         3d3       99%         4
 Discord                  Hex            0%         N/A       100%        8


Dungeon Overview and Level Annotations

Branches:
Dungeon (6/15)
 Temple: D:4-7

Altars:
Sif Muna

Shops:
D:2 (   D:4 !

Annotations:
D:5 3 runed translucent doors, sn0wgr3's ghost, novice MiCA


Innate Abilities, Weirdness & Mutations

You cannot wear most types of armour.
You are amphibious.
You can wear up to eight rings at the same time.
Your skin changes colour to match your surroundings (Stealth+).
Your rubbery body absorbs attacks. (AC +1, EV +1)
((You are camouflaged when in or above water. (Stealth+)))
You have tentacles for arms and can constrict up to eight enemies at once.


Message History

* * * LOW HITPOINT WARNING * * *
The water moccasin zombie misses you.
The gnoll shaman hits you with a +0 whip!
* * * LOW HITPOINT WARNING * * *
You hit the gnoll shaman but do no damage.
The gnoll shaman is heavily wounded.
You constrict the gnoll shaman. The water moccasin zombie misses you.
The gnoll shaman misses you.
You puncture the gnoll shaman!
You kill the gnoll shaman!
The gnoll hits you with a +0 whip.
* * * LOW HITPOINT WARNING * * *
A sky beast comes into view.
You hit the gnoll. Your grab misses the gnoll. You squeeze the gnoll.
The gnoll is severely wounded.
The gnoll hits you with a +0 whip.
* * * LOW HITPOINT WARNING * * *
Unknown command.
You feel much better. The water moccasin zombie bites you!
The gnoll barely misses you. The gnoll misses you.
You block the water moccasin zombie's attack.
You hit the gnoll but do no damage. You grab the gnoll.
The gnoll is severely wounded.
You constrict the gnoll, but do no damage.
The gnoll barely misses you. The water moccasin zombie bites you.
* * * LOW HITPOINT WARNING * * *
You release your grip on the gnoll.
You block the gnoll's attack.
The gnoll throws a throwing net.
You block the throwing net.
You see here a throwing net.
You puncture the gnoll!
You kill the gnoll!
You block the gnoll's attack.
You hit the gnoll but do no damage. You grab the gnoll.
You constrict the gnoll, but do no damage.
The water moccasin zombie bites you.
* * * LOW HITPOINT WARNING * * *
The gnoll hits you with a +0 whip.
* * * LOW HITPOINT WARNING * * *
The gnoll hits you with a +0 flail!
You die...

..#..##..## ##
..........# ..#
.###........##..#
.................
........##.......
........#.....#..#.
..................
......†..Zg####...
..#.....)#@.#.....
####..Yg......# #
##.........##..
####......###....
#........#<#....(#
........#....#
.......##.........
..................
...$..............


You could see a sky beast, 2 gnolls and a water moccasin zombie.

Vanquished Creatures
  A sky beast (D:5)
  An orc warrior (D:4)
  An ice beast (D:5)
  3 necrophages
  A kobold brigand (D:4)
  2 bullfrogs
  2 water moccasin skeletons
  4 wights (D:4)
  2 hounds (D:4)
  A gnoll shaman (D:6)
  An orc priest (D:4)
  A bullfrog skeleton (D:5)
  An orc wizard (D:3)
  An iguana (D:4)
  10 adders
  4 gnolls
  An adder skeleton (D:4)
  A worm (D:2)
  3 dart slugs
  9 orcs
  10 ball pythons
  6 bats
  3 endoplasms
  3 giant cockroaches (D:1)
  9 hobgoblins
  6 jackals
  7 kobolds
  4 quokkas
  2 frilled lizards
  4 goblins
  3 rats
107 creatures vanquished.

Notes
Turn   | Place    | Note
-------+----------+-------------------------------------------
     0 | D:1      | Gildeon the Octopode Fighter began the quest for the Orb.
     0 | D:1      | Reached XP level 1. HP: 16/16 MP: 1/1
   333 | D:1      | Reached skill level 1 in Stealth
   333 | D:1      | Reached XP level 2. HP: 5/21 MP: 2/2
   677 | D:1      | Found a faded altar of an unknown god.
   962 | D:1      | Reached skill level 2 in Stealth
   962 | D:1      | Reached XP level 3. HP: 26/26 MP: 3/3
  1640 | D:2      | Found Josus's Antique Weapon Boutique.
  2002 | D:2      | Reached XP level 4. HP: 31/31 MP: 4/4
  2059 | D:2      | Reached skill level 3 in Stealth
  2470 | D:3      | Noticed a bullfrog
  2505 | D:3      | Reached XP level 5. HP: 24/36 MP: 5/5
  2781 | D:3      | Reached skill level 4 in Stealth
  2981 | D:3      | Found a shimmering blue altar of Sif Muna.
  3397 | D:4      | Reached XP level 6. HP: 37/42 MP: 6/6
  3594 | D:4      | Noticed an orc warrior
  3620 | D:4      | Reached skill level 5 in Stealth
  4438 | D:4      | Found Qoruang's Distillery.
  4452 | D:4      | Bought a potion of heal wounds for 65 gold pieces
  4452 | D:4      | Bought a potion of curing for 39 gold pieces
  4452 | D:4      | Bought a potion of heal wounds for 65 gold pieces
  4452 | D:4      | Bought a potion of curing for 39 gold pieces
  4452 | D:4      | Bought a potion of degeneration for 13 gold pieces
  4482 | D:5      | Entered Level 5 of the Dungeon
  4730 | D:5      | Reached skill level 5 in Dodging
  4730 | D:5      | Reached XP level 7. HP: 46/46 MP: 7/7
  5264 | D:4      | Reached skill level 5 in Polearms
  5348 | D:4      | Reached skill level 6 in Stealth
  5526 | D:4      | Reached XP level 8. HP: 40/52 MP: 8/8
  5731 | D:5      | Found a runed translucent gate.
  5732 | D:5      | Found a runed translucent gate.
  6117 | D:5      | Reached skill level 7 in Stealth
  6117 | D:5      | Reached skill level 5 in Shields
  6426 | D:5      | Found a runed translucent gate.
  6652 | D:5      | Noticed sn0wgr3's ghost (novice MiCA)
  7263 | D:6      | Reached skill level 8 in Stealth
  7270 | D:6      | HP: 2/54 [gnoll (4)]
  7275 | D:6      | Slain by a gnoll

Illustrated notes

Levels and vault maps discovered:
D:1:      lightli_arrival_chessboard, layout_loops_corners,
          shapermc_ecumenical_altar_petra
D:2:      layout_loops_cross, serial_shops, nicolae_shop_statue_plus,
          minmay_crystal_water
D:3:      layout_rooms, led_sif_pool
D:4:      layout_basic, serial_shops, nicolae_shop_statue_plus
D:5:      layout_basic, gammafunk_ghost_icy, kennysheep_big_empty_room
D:6:      layout_cave_pools, kennysheep_mini_moat, mainiacjoe_overflow_swirl,
          minmay_temple_entry_slanted

Skill      XL: |  1  2  3  4  5  6  7  8 |
---------------+-------------------------+-----
Stealth        | 1 2 3 4 5 6 8 |  8.1
Polearms       | 3 4 5 6 |  6.3
Dodging        | 4 5 |  5.0
Shields        | 4 5 |  5.0
Fighting       | |  3.9

Action                   |  1- 3 |  4- 6 |  7- 9 || total
-------------------------+-------+-------+-------++-------
Melee: Trident           |    63 |   112 |    88 ||   263
       Constrict         |    14 |    35 |    18 ||    67
       Tentacles         |     7 |    26 |    25 ||    58
       Punch             |     1 |     1 |     4 ||     6
Throw: Dart              |       |     2 |     3 ||     5
  Use: Scroll            |       |       |     5 ||     5
       Potion            |       |       |     1 ||     1
 Stab: Sleeping          |    11 |    12 |     6 ||    29
Armor: Skin              |     4 |     3 |     7 ||    14
Dodge: Dodged            |    30 |    57 |    37 ||   124
Block: Buckler           |    14 |    19 |    20 ||    53

Table legend: (Time is in decaauts)
 A = Elapsed time spent in this place.
 B = Non-inter-level travel time spent in this place.
 C = Inter-level travel time spent in this place.
 D = Time resting spent in this place.
 E = Time spent auto-exploring this place.
 F = Levels seen in this place.
 G = Mean time per level.
                   A        B        C        D        E       F      G
               +--------+--------+--------+--------+--------+-----+--------+
         Total |   7317 |   6938 |    379 |   2197 |   3586 |   6 | 1219.5 |
       Dungeon |   7317 |   6938 |    379 |   2197 |   3586 |   6 | 1219.5 |
               +--------+--------+--------+--------+--------+-----+--------+

Top non-repeatable levels by time:
     D:4: 2415 daAuts
     D:1: 1483 daAuts
     D:5: 1297 daAuts
     D:3: 1172 daAuts
     D:2: 909 daAuts
     D:6: 38 daAuts
